 Dungeon Crawl Stone Soup version 0.31.0-12-g77e489cdc1 (webtiles) character file.

Game seed: 2575308194880848070

115 cdecastro the Changeling (level 4, -5/38 HPs)
             Began as a Draconian Shapeshifter on Feb 26, 2024.
             Was an Initiate of Ashenzari.
             Slain by a gnoll
             ... wielding a +0 club
              (8 damage)
             ... on level 5 of the Dungeon.
             The game lasted 00:03:13 (1312 turns).

cdecastro the Changeling (Draconian Shapeshifter)   Turns: 1312, Time: 00:03:14

Health: -5/38      AC:  5    Str: 17    XL:     4   Next: 68%
Magic:  4/4        EV: 12    Int: 10    God:    Ashenzari [......]
Gold:   37         SH:  0    Dex: 12    Spells: 3/3 levels left

rFire   . .          .
                       - Unarmed
rCold   . . .        (no shield)
rNeg    . . .        (body armour unavailable)
rPois   .            (helmet currently unavailable)
rElec   .            (cloak currently unavailable)
rCorr   .            (gloves currently unavailable)
SInv    .            (boots currently unavailable)
Will    .....        (no amulet)
Stlth   +            (no ring)
HPRegen 0.26/turn    (no ring)
MPRegen 0.09/turn

%: no passive effects
@: beast-form
A: beast (slay +2), AC +5, unfitting armour, cold-blooded
a: Begin Untransformation, Renounce Religion, Curse Item


You were on level 5 of the Dungeon.
You worshipped Ashenzari.
Ashenzari was noncommittal.
You were a hulking beast.
You visited 1 branch of the dungeon, and saw 4 of its levels.

You collected 37 gold pieces.

Inventory:

Jewellery
 i - a ring of wizardry
 l - a ring of fire
Talismans
 b - a beast talisman
 c - a flux talisman
Wands
 q - a wand of polymorph (13)
Scrolls
 e - a scroll of fog {unknown}
 g - a scroll of fear {unknown}
 j - 4 scrolls of identify {unknown}
 k - a scroll of revelation {unknown}
 o - a scroll of noise {unknown}
 r - a scroll of blinking {unknown}
Potions
 a - a potion of lignification
 d - a potion of cancellation {unknown}
 f - a potion of brilliance {unknown}
 h - 2 potions of berserk rage {unknown}
 m - a potion of magic {unknown}
 n - a potion of mutation {unknown}
 p - a potion of curing {unknown}


   Skills:
 + Level 3.0 Fighting
 - Level 1.7 Dodging
 - Level 3.0 Unarmed Combat
 * Level 4.5 Shapeshifting


You had 3 spell levels left.
You didn't know any spells.
Your spell library contained the following spells:

 Spells                   Type           Power      Damage    Failure   Level
 Apportation              Tloc           0%         N/A       36%         1
 Necrotise                Necr           0%         1d4       36%         1
 Sandblast                Erth           0%         2d4       36%         1
 Sting                    Conj/Alch      0%         1d3       36%         1
 Summon Small Mammal      Summ           0%         N/A       36%         1
 Mercury Vapours          Alch/Air       0%         N/A       50%         2
 Fugue of the Fallen      Necr           0%         N/A       75%         3
 Mephitic Cloud           Conj/Alch/Air  0%         N/A       75%         3
 Ozocubu's Armour         Ice            0%         N/A       75%         3
 Passwall                 Erth           0%         N/A       75%         3
 Stone Arrow              Conj/Erth      0%         3d7       75%         3
 Vampiric Draining        Necr           0%         2d6       75%         3
 Brom's Barrelling Bould  Conj/Erth      0%         2d3       98%         4
 Manifold Assault         Tloc           0%         N/A       98%         4
 Martyr's Knell           Necr/Summ      0%         N/A       98%         4
 Curse of Agony           Necr           0%         N/A       100%        5
 Freezing Cloud           Conj/Ice/Air   0%         6-21      100%        5


Dungeon Overview and Level Annotations

Branches:
Dungeon (3/15)

Altars:
Ashenzari
Gozag
Nemelex Xobeh

Shops:
D:1 [


Innate Abilities, Weirdness & Mutations

You are a hulking beast.
Your limbs bulge with bestial killing power. (Slay +2)
Your plain brown scales are hard. (AC +5)
You cannot fit into any form of body armour.
You are cold-blooded and may be slowed by cold attacks.


Message History

The gnoll closely misses you.
You see here a +0 flail.
You punch the gnoll! You punch the gnoll, but do no damage.
The gnoll is heavily wounded.
You closely miss the gnoll.
The gnoll is heavily wounded.
The gnoll closely misses you. The gnoll misses you.
You hit the gnoll.
The gnoll is severely wounded.
The gnoll hits you from afar with a +0 spear.
The gnoll hits you with a +0 spear!
* * * LOW HITPOINT WARNING * * *
You barely miss the gnoll.
The gnoll is severely wounded.
The gnoll misses you. The gnoll barely misses you.
A gnoll comes into view. It is wielding a +0 club.
You hit the gnoll.
The gnoll is severely wounded.
The gnoll hits you from afar with a +0 spear.
* * * LOW HITPOINT WARNING * * *
The gnoll closely misses you.
You punch the gnoll!
You kill the gnoll!
The gnoll closely misses you. The gnoll closely misses you.
Things that are here:
a +0 spear; a gnoll corpse You hit the gnoll.
The gnoll is lightly wounded.
The gnoll hits you with a +0 spear.
* * * LOW HITPOINT WARNING * * *
You hit the gnoll.
The gnoll is moderately wounded.
The gnoll hits you with a +0 spear.
* * * LOW HITPOINT WARNING * * *
You punch the gnoll!
You kill the gnoll!
Your Fighting skill increases to level 3!
You barely miss the gnoll. The gnoll hits you with a +0 club!
You die...

...#.......###
......_.....#
#.#.......#.. #
#.#.8...8.###
#.#.##.....##
#.#.####.###
#..........#
#.###########.########
#......gh)....#
###############


You could see a gnoll.

Vanquished Creatures
  Jessica (D:2)
  3 gnolls (D:5)
  An adder (D:2)
  A dart slug (D:2)
  3 bats (D:2)
  5 endoplasms
  5 giant cockroaches
  5 goblins
  5 hobgoblins
  A quokka (D:2)
  6 ball pythons
  2 frilled lizards
  5 kobolds
  2 rats
45 creatures vanquished.

Notes
Turn   | Place    | Note
-------+----------+-------------------------------------------
     0 | D:1      | cdecastro the Draconian Shapeshifter began the quest for
                  | the Orb.
     0 | D:1      | Reached XP level 1. HP: 16/16 MP: 1/1
   138 | D:1      | Found Dyce's Armour Boutique.
   166 | D:1      | Reached XP level 2. HP: 21/23 MP: 2/2
   515 | D:2      | Found a faded altar of an unknown god.
   570 | D:2      | Prayed at the altar of an unknown god.
   570 | D:2      | Became a worshipper of Ashenzari the Shackled
   619 | D:2      | Reached XP level 3. HP: 27/29 MP: 3/3
   833 | D:2      | Found a sparkling altar of Nemelex Xobeh.
   877 | D:2      | Noticed Jessica
   885 | D:2      | Killed Jessica
   886 | D:2      | Reached skill level 4 in Shapeshifting
   886 | D:2      | Reached XP level 4. HP: 37/37 MP: 4/4
  1130 | D:3      | You fall into a shaft and drop 2 floors!
  1130 | D:5      | Entered Level 5 of the Dungeon
  1265 | D:5      | Found an opulent altar of Gozag.
  1312 | D:5      | Slain by a gnoll

Illustrated notes

Levels and vault maps discovered:
D:1:      orjb1_clovarrival, layout_rooms, serial_shops,
          nicolae_shop_pleasant_corner_grove, serial_park_tiny_pond
D:2:      layout_rooms, basic_ecumenical_altar, basic_altar, minmay_tromino_i4,
          uniq_jessica
D:3:      layout_basic, mainiacjoe_overflow_alcove_2
D:5:      layout_basic, nicolae_vehumet_altar_sigil,
          mainiacjoe_overflow_alcove_1, xom_teletrap_fun, grunt_gozag_statues,
          nemelex_diamond_rough_becter, overflow_temple_1_default,
          makhleb_grotto_becter, minmay_temple_entry_drinking_statues,
          kennysheep_generic_room_10

Skill      XL: |  1  2  3  4 |
---------------+-------------+-----
Fighting       | 2 3 |  3.0
Shapeshifting  | 4 |  4.5
Dodging        | |  1.7
Unarmed Combat | |  3.0

Action                     |  1- 3 |  4- 6 || total
---------------------------+-------+-------++-------
  Melee: Unarmed           |    93 |    36 ||   129
         Tailslap          |     5 |     2 ||     7
         Punch             |     1 |     1 ||     2
   Stab: Distracted        |       |     1 ||     1
         Sleeping          |       |     1 ||     1
 Armour: Skin              |    37 |    19 ||    56
  Dodge: Dodged            |    74 |    29 ||   103
